 Dungeon Crawl Stone Soup version 0.25-a0-424-g80bd347ae0 (webtiles) character file.

Game seed: 18370512650877714715, levelgen mode: deterministic

15884 Lugonue the Peltast (level 12, 0/96 HPs)
             Began as a Yellow Draconian Fighter on Jan 21, 2020.
             Was a High Priest of Okawaru.
             Slain by a vampire
             ... wielding a +0 trident
              (17 damage)
             ... on level 12 of the Dungeon.
             The game lasted 00:44:29 (13437 turns).

Lugonue the Peltast (Yellow Draconian Fighter)     Turns: 13437, Time: 00:44:30

Health: 0/96       AC: 12    Str: 19    XL:     12   Next: 5%
Magic:  12/12      EV: 14    Int: 11    God:    Okawaru [*****.]
Gold:   745        SH: 19    Dex: 13    Spells: 11/11 levels left

rFire    + . .     SeeInvis .     - Unarmed
rCold    . . .     Gourm    .   a - +1 shield
rNeg     . . .     Faith    .   (armour unavailable)
rPois    .         Spirit   .   L - +0 hat
rElec    .         Reflect  +   (no cloak)
rCorr    +         Harm     .   u - +0 pair of gloves
MR       .....                  H - +2 pair of boots {Stlth+}
Stlth    +++.......             d - +4 amulet of reflection
HPRegen  0.26/turn              r - ring of protection from cold
MPRegen  0.13/turn              M - ring of fire

@: no status effects
A: spit acid, unfitting armour, cold-blooded, acid resistance, AC +8
a: Breathe Acid, Heroism, Finesse, Renounce Religion


You were on level 12 of the Dungeon.
You worshipped Okawaru.
Okawaru was extremely pleased with you.
You were not hungry.

You visited 2 branches of the dungeon, and saw 14 of its levels.
You also visited: Bailey.

You collected 745 gold pieces.

Inventory:

Missiles
 o - 2 atropa-tipped darts (quivered)
Armour
 a - a +1 shield (worn)
 u - a +0 pair of gloves (worn)
 H - a +2 pair of boots of stealth (worn)
 L - a +0 hat (worn)
Jewellery
 b - an uncursed ring of stealth
 d - a +4 amulet of reflection (around neck)
 h - an uncursed ring of fire
 n - an uncursed ring of positive energy
 p - an uncursed ring of magical power {unknown}
 r - a ring of protection from cold (left hand)
 x - an uncursed ring of flight
 D - an uncursed ring of protection from cold
 I - the ring "Iradug" {Ice Str+3 Dex+7}
   (You found it on level 8 of the Dungeon)

   [ring of ice]

   It enhances your ice magic.
   It affects your strength (+3).
   It affects your dexterity (+7).
   It makes you vulnerable to fire.
   It protects you from cold.
 M - a ring of fire (right hand)
Wands
 w - a wand of polymorph (7)
 E - a wand of enslavement (5)
 K - a wand of iceblast (9)
Scrolls
 k - 2 scrolls of immolation
 l - 5 scrolls of remove curse
 y - a scroll of enchant armour
 z - a scroll of amnesia
 C - 3 scrolls of teleportation
 J - a scroll of fog
Potions
 e - 6 potions of brilliance
 f - a potion of heal wounds
 i - 3 potions of flight
 j - 5 potions of curing
 m - 3 potions of cancellation
 s - 3 potions of agility
 t - a potion of resistance {unknown}
 A - a potion of ambrosia {unknown}
 B - 2 potions of haste
 F - 2 potions of degeneration {unknown}
 G - 2 potions of berserk rage
Comestibles
 c - 12 rations


   Skills:
 + Level 6.2 Fighting
 - Level 4.8 Dodging
 - Level 2.1 Stealth
 - Level 15.1 Shields
 + Level 10.2 Unarmed Combat


You had 11 spell levels left.
You didn't know any spells.
Your spell library was empty.

Dungeon Overview and Level Annotations

Branches:
Dungeon (13/15)            Temple (1/1) D:7            Lair (0/6) D:11
 Bailey (visited)
    Orc: D:9-12      Vaults: D:13-14

Altars:
Ashenzari
Cheibriados
Elyvilon
Gozag
Makhleb
Okawaru
Qazlal
Ru
Sif Muna
Uskayaw
Vehumet
Wu Jian
Beogh

Annotations:
D:6 1 runed translucent door, LostGamesStreakFreak's ghost, novice MfGl


Innate Abilities, Weirdness & Mutations

You can spit globs of acid.
Your golden yellow scales are hard. (AC +8)
You cannot fit into any form of body armour.
You are cold-blooded and may be slowed by cold attacks.
You are resistant to acid. (rCorr)


Message History

You hit the vampire.
The vampire is lightly damaged.
You punch the vampire!
The vampire is moderately damaged.
You block the vampire's attack. x2
You punch the vampire!
The vampire is heavily damaged.
The vampire mumbles some strange words.
The vampire flickers and vanishes!
Deactivating autopickup; reactivate with Ctrl-A.
You punch something! Something hits you but does no damage.
Something bites you!
Something draws strength from your injuries!
You hit something but do no damage. You punch something!
Unholy energy fills the air.
* * * LOW HITPOINT WARNING * * *
You miss something.
You have got your breath back.
Something hits you!
You die...

............##.#
###.....###.##.#
##....# #.##.###
##.#.# #......#
#.#.# ####.#.#
#.#.. ...#.#
##+#### #####.#
##...# #.#
##...>.## ##@#
#.......## ##{.#
...>....)####...##
.........'.......#
.........####...##
#.......## ##..#
##.....## ##.#
##...# #..# ##+#
(#.#


There were no monsters in sight!

Vanquished Creatures
  A two-headed ogre (D:8)
  An unseen horror (D:12)
  2 ugly things (D:12)
  A cyclops (D:8)
  A centaur zombie (D:10)
  Joseph (D:8)
  A gargoyle (D:12)
  A troll (D:10)
  Prince Ribbit (D:6)
  3 meliai (D:13)
  A hornet (D:11)
  3 hippogriffs
  A shadow (D:8)
  21 yaks
  2 wyverns
  A basilisk (D:11)
  A hungry ghost (D:12)
  Menkaure (D:4)
  A soldier ant (D:10)
  An acid dragon (D:7)
  3 porcupines (D:11)
  4 ice beasts
  2 orc warriors (D:11)
  A black bear (D:6)
  5 sky beasts
  A necrophage (D:6)
  An eye of draining (D:9)
  4 phantoms
  A wolf (Bailey)
  4 ogres
  5 centaurs
  2 crocodiles (D:11)
  Blork the orc (D:4)
  A big kobold (D:5)
  2 gnoll sergeants
  4 bullfrogs
  A wyvern skeleton (D:12)
  7 scorpions
  8 killer bees
  7 wights
  A howler monkey (D:5)
  8 crimson imps
  A quasit (D:8)
  A bullfrog zombie (D:6)
  2 jellies
  5 orc priests
  A bullfrog skeleton (D:7)
  6 hounds
  4 centaur skeletons
  5 iguanas
  5 orc wizards
  11 worker ants
  A hound zombie (D:5)
  A howler monkey skeleton (D:5)
  A howler monkey zombie (D:8)
  Robin (D:2)
  13 gnolls
  11 adders
  2 shadow imps
  An ooze (D:2)
  An adder zombie (D:8)
  An adder skeleton (D:8)
  5 worms
  6 dart slugs
  5 leopard geckos
  33 orcs
  A ball python (D:1)
  8 giant cockroaches
  13 goblins
  14 hobgoblins
  10 jackals
  12 quokkas
  4 bats
  5 frilled lizards
  12 kobolds
  A leopard gecko skeleton (D:3)
  9 rats
331 creatures vanquished.

Vanquished Creatures (others)
  A hornet (D:9)
  A vampire (D:10)
  3 centaurs
  A fungus (D:11)
  A plant (D:11)
7 creatures vanquished.

Grand Total: 338 creatures vanquished

Notes
Turn   | Place    | Note
-------+----------+-------------------------------------------
     0 | D:1      | Lugonue the Draconian Fighter began the quest for the Orb.
     0 | D:1      | Reached XP level 1. HP: 19/19 MP: 1/1
   196 | D:1      | Reached XP level 2. HP: 14/26 MP: 2/2
   648 | D:1      | Reached XP level 3. HP: 19/31 MP: 3/3
  1096 | D:2      | HP: 2/49 [quokka (1)]
  1102 | D:2      | Noticed Robin
  1567 | D:2      | Reached XP level 4. HP: 33/40 MP: 4/4
  1710 | D:2      | Reached skill level 4 in Shields
  1715 | D:2      | Killed Robin
  1732 | D:2      | Found a snail-covered altar of Cheibriados.
  2071 | D:2      | Reached XP level 5. HP: 9/46 MP: 5/5
  3488 | D:4      | Noticed Menkaure
  3504 | D:4      | Killed Menkaure
  3504 | D:4      | Reached skill level 1 in Stealth
  3504 | D:4      | Reached XP level 6. HP: 20/52 MP: 6/6
  3683 | D:4      | Reached skill level 5 in Unarmed Combat
  4571 | D:4      | Noticed Blork the orc
  4589 | D:4      | Killed Blork the orc
  4589 | D:4      | Your scales start taking on a golden yellow colour.
  4589 | D:4      | Reached XP level 7. HP: 17/60 MP: 7/7
  4589 | D:4      | Gained mutation: You are resistant to acid. (rCorr) [Yellow
                  | Draconian growth]
  4728 | D:4      | Found a shimmering blue altar of Sif Muna.
  5029 | D:5      | Entered Level 5 of the Dungeon
  5274 | D:5      | Found a sacrificial altar of Ru.
  5286 | D:5      | Found a white marble altar of Elyvilon.
  5300 | D:5      | Found an opulent altar of Gozag.
  5618 | D:5      | Reached skill level 5 in Shields
  5618 | D:5      | Reached XP level 8. HP: 67/67 MP: 8/8
  5674 | D:5      | Reached skill level 5 in Fighting
  6402 | D:6      | Noticed Prince Ribbit
  6677 | D:6      | Found a runed translucent door.
  6907 | D:6      | Noticed LostGamesStreakFreak's ghost (novice MfGl)
  7085 | D:6      | Killed Prince Ribbit
  7085 | D:6      | Reached skill level 6 in Shields
  7085 | D:6      | Reached XP level 9. HP: 43/75 MP: 9/9
  7324 | D:6      | Found a burning altar of Makhleb.
  7516 | D:7      | Found a flagged portal.
  7538 | Bailey   | Entered a bailey
  7538 | Bailey   | Noticed an orc knight
  7743 | D:7      | Found a staircase to the Ecumenical Temple.
  7749 | Temple   | Entered the Ecumenical Temple
  7769 | Temple   | Became a worshipper of Warmaster Okawaru
  7894 | D:7      | Reached skill level 7 in Shields
  8109 | D:8      | Reached skill level 8 in Shields
  8123 | D:8      | Noticed a two-headed ogre
  8137 | D:8      | Killed a two-headed ogre
  8137 | D:8      | Reached * piety under Okawaru
  8137 | D:8      | Reached skill level 9 in Shields
  8144 | D:8      | Reached XP level 10. HP: 70/83 MP: 10/10
  8910 | D:8      | Found a hide-covered altar of Uskayaw.
  8910 | D:8      | Noticed Joseph
  8936 | D:8      | Killed Joseph
  8936 | D:8      | Reached skill level 10 in Shields
  8965 | D:8      | Reached ** piety under Okawaru
  9136 | D:8      | Noticed a cyclops
  9164 | D:8      | Killed a cyclops
  9182 | D:8      | Got an ancient glass ring
  9195 | D:8      | Identified the ring "Iradug" {Ice Str+3 Dex+7} (You found
                  | it on level 8 of the Dungeon)
  9816 | D:8      | Reached skill level 11 in Shields
 10313 | D:9      | Reached *** piety under Okawaru
 10393 | D:9      | Reached skill level 12 in Shields
 10981 | D:10     | Entered Level 10 of the Dungeon
 11073 | D:10     | Reached XP level 11. HP: 88/89 MP: 11/11
 11275 | D:10     | Reached skill level 13 in Shields
 11282 | D:10     | Reached **** piety under Okawaru
 11743 | D:11     | Found a staircase to the Lair.
 11788 | D:11     | Reached ***** piety under Okawaru
 11814 | D:11     | Reached skill level 14 in Shields
 12302 | D:11     | Found a roughly hewn altar of Beogh.
 12549 | D:11     | You fall into a shaft and drop 2 floors!
 12818 | D:13     | Noticed a catoblepas
 12859 | D:12     | Noticed a red ugly thing
 12871 | D:12     | Killed an unseen horror
 12871 | D:12     | Received a gift from Okawaru
 12871 | D:12     | Reached skill level 15 in Shields
 13234 | D:12     | Received a gift from Okawaru
 13394 | D:12     | Noticed a cyan ugly thing
 13414 | D:12     | Killed a cyan ugly thing
 13414 | D:12     | Reached skill level 10 in Unarmed Combat
 13414 | D:12     | Reached XP level 12. HP: 75/96 MP: 9/12
 13437 | D:12     | Slain by a vampire

Levels and vault maps discovered:
D:1:      dpeg_arrival_lava_temple_mockup, layout_loops_ring,
          minmay_misc_feat_pillars
D:2:      layout_loops_cross, kennysheep_slug_shrine, feat_on_display,
          uniq_robin
D:3:      layout_basic
D:4:      layout_basic, lemuel_doored_altar, cheibrodos_sewer_entry_bend,
          first_ration, uniq_blork_the_orc, uniq_menkaure
D:5:      layout_loops_corners, minmay_overflow_temple_star_quad
D:6:      layout_loops_ring, makhleb_grotto_becter,
          ebering_ghost_reflecting_pool, uniq_prince_ribbit1
D:7:      layout_gridville, minmay_temple_entry_hall, enter_bailey_3
D:8:      layout_rooms, basic_altar, minmay_pinched_square, uniq_joseph
D:9:      layout_cave_pools
D:10:     layout_roguey
D:11:     nrook_guardian_serpent_snake_passage, layout_loops_ring,
          minmay_lair_entry_grove, special_room [special_room_orc],
          grunt_ministairs_8, uniq_snorg
D:12:     minmay_curly_fans, layout_loops_corners, grunt_ogre_cave
D:13:     layout_loops_corners, serial_rivers, chequers_serial_rivers_micro_d,
          chequers_serial_rivers_large_a, chequers_serial_rivers_marsh,
          chequers_serial_rivers_small_b
Temple:   nicolae_temple_elliptical

Skill      XL: |  1  2  3  4  5  6  7  8  9 10 11 |
---------------+----------------------------------+-----
Dodging        | 3 4 |  4.8
Shields        | 4 5 6 9 12 15 | 15.1
Unarmed Combat | 3 4 5 7 8 9 10 | 10.2
Fighting       | 4 5 6 |  6.2
Stealth        | 1 2 |  2.1

Action                   |  1- 3 |  4- 6 |  7- 9 | 10-12 || total
-------------------------+-------+-------+-------+-------++-------
Melee: Unarmed           |   185 |   272 |   349 |   660 ||  1466
       Tailslap          |    19 |    40 |    52 |   131 ||   242
Throw: Throwing net      |       |       |     2 |       ||     2
Invok: Heroism           |       |       |       |     6 ||     6
 Abil: Breathe Acid      |       |       |    35 |    35 ||    70
Evoke: Wand              |       |       |     2 |     4 ||     6
  Use: Scroll            |     4 |     7 |     7 |    10 ||    28
       Potion            |     1 |     3 |     3 |     1 ||     8
 Stab: Distracted        |       |     1 |       |       ||     1
       Sleeping          |       |       |     5 |     3 ||     8
       Held in net/web   |       |       |     2 |       ||     2
  Eat: Ration            |     1 |     2 |     1 |     3 ||     7
       Chunk             |       |     2 |    14 |    16 ||    32
Armor: Skin              |    49 |    31 |    94 |    81 ||   255
Dodge: Dodged            |    69 |   147 |   145 |   192 ||   553
Block: Shield            |    81 |     3 |    46 |   527 ||   657
       Buckler           |       |    35 |   136 |       ||   171
       Reflection        |       |       |     8 |    34 ||    42

Table legend:
 A = Non-vault XP
 B = Vault XP
 C = Vault XP percentage of total XP
 D = Non-vault monster count
 E = Vault monster count
 F = Vault count percentage of total count
                 A         B        C        D         E       F
            +---------+---------+-------+---------+---------+-------
      Total |   18004 |    4688 |  20.7 |     288 |      48 |  14.3
            +---------+---------+-------+---------+---------+-------
        D:1 |      49 |       2 |   3.9 |      28 |       1 |   3.4
        D:2 |     137 |      34 |  19.9 |      32 |      10 |  23.8
        D:3 |     109 |       0 |   0.0 |      20 |       0 |   0.0
        D:4 |     424 |     278 |  39.6 |      18 |       4 |  18.2
        D:5 |     981 |       0 |   0.0 |      25 |       0 |   0.0
        D:6 |     816 |     346 |  29.8 |      19 |       2 |   9.5
        D:7 |     945 |     163 |  14.7 |      20 |       5 |  20.0
        D:8 |    2196 |    1493 |  40.5 |      30 |      11 |  26.8
        D:9 |    2550 |       0 |   0.0 |      29 |       0 |   0.0
       D:10 |    4325 |       0 |   0.0 |      33 |       0 |   0.0
       D:11 |     778 |    2253 |  74.3 |      13 |      14 |  51.9
       D:12 |    3612 |       0 |   0.0 |      16 |       0 |   0.0
       D:13 |    1082 |       0 |   0.0 |       5 |       0 |   0.0
     Bailey |       0 |     119 | 100.0 |       0 |       1 | 100.0
            +---------+---------+-------+---------+---------+-------
